 Seeded DCSS version 0.30.1-11-g7821555f0a (webtiles) character file.

Game seed: 6351066067085065685 (custom seed)

239715 Esekla the Sorcerer (level 18, -2/111 HPs)
             Began as a Deep Elf Wanderer on Nov 5, 2023.
             Was a Believer of Vehumet.
             Slain by a vampire knight
             ... wielding a +0 war axe
              (18 damage)
             ... while paralysed by a vampire knight
             ... on level 2 of the Vaults on Nov 6, 2023.
             The game lasted 04:49:10 (31561 turns).

Esekla the Sorcerer (Deep Elf Wanderer)            Turns: 31561, Time: 04:49:10

Health: -2/111     AC: 22    Str:  9    XL:     18   Next: 60%
Magic:  32/48      EV:  2    Int: 33    God:    Vehumet [**....]
Gold:   3695       SH:  0    Dex: 11    Spells: 12/65 levels left

rFire   + . .        e - +7 demon blade (elec)
rCold   . . .        d - +0 buckler
rNeg    + . .        X - +1 ring mail "Uronn" {rF+ Regen+ Int+3}
rPois   +            V - +2 helmet {Int+3}
rElec   +            g - +2 cloak
rCorr   .            l - +0 pair of gloves
SInv    .            U - +2 pair of boots {rampage}
Will    +....        L - amulet of magic regeneration
Stlth   ++           Q - ring of Greed {rElec rPois rN+ AC+4 Str-2}
HPRegen 1.18/turn    z - ring of the Mage {Wiz Archmagi}
MPRegen 0.71/turn

%: rampage, wizardry (x1), archmagi
@: paralysed
A: no striking features
}: 2/15 runes: barnacled, gossamer
a: Renounce Religion


You were on level 2 of the Vaults.
You worshipped Vehumet.
Vehumet was pleased with you.
You visited 7 branches of the dungeon, and saw 31 of its levels.
You also visited: Trove and Bailey.

You collected 6359 gold pieces.
You spent 2664 gold pieces at shops.

Inventory:

Hand Weapons
 c - a +5 scimitar of draining
 e - a +7 demon blade of electrocution (weapon)
 f - a +4 scimitar of flaming
 r - a +4 trident of venom
 s - the +7 Spriggan's Knife {stab, EV+4 Stlth+}
   (You found it in a treasure trove)

   Stab:      It is more effective when stabbing unaware enemies, sometimes
   treating them as though they were completely helpless.
   EV:        It affects your evasion (+4).
   Stlth:     It makes you more stealthy.
Missiles
 q - 27 boomerangs (quivered)
 B - 83 poisoned darts
 J - 7 curare-tipped darts
 T - 9 silver javelins
Armour
 d - a +0 buckler (worn)
 g - a +2 cloak (worn)
 l - a +0 pair of gloves (worn)
 v - a scarf of repulsion
 K - the +1 animal skin "Kougi" {rPois rF++ MP+9}
   (You found it on level 2 of the Shoals)

   rF:        It greatly protects you from fire.
   rPois:     It protects you from poison.
   MP:        It affects your magic capacity (+9).
 U - a +2 pair of boots of rampaging (worn)
 V - a +2 helmet of intelligence (worn)
 X - the +1 ring mail "Uronn" (worn) {rF+ Regen+ Int+3}
   (You found it on level 4 of the Shoals)

   Int:       It affects your intelligence (+3).
   rF:        It protects you from fire.
   Regen:     It increases your rate of health regeneration.
Jewellery
 a - a +6 ring of intelligence
 m - a ring of see invisible
 z - the ring of the Mage (right hand) {Wiz Archmagi}
   (You bought it in a shop on level 2 of the Dungeon)

   [ring of wizardry]

   It improves your spell success rate.
   Archmagi:  It increases the power of your magical spells.
 L - an amulet of magic regeneration (around neck)
 O - an amulet of reflection
 Q - the ring of Greed (left hand) {rElec rPois rN+ AC+4 Str-2}
   (You bought it in a shop on level 2 of the Dungeon)

   [ring of protection]

   AC:        It affects your AC (+4).
   Str:       It affects your strength (-2).
   rElec:     It insulates you from electricity.
   rPois:     It protects you from poison.
   rN:        It protects you from negative energy.
 W - the ring of Akemeir {Fire Str+4}
   (You found it in a treasure trove)

   [ring of fire]

   It enhances your fire magic.
   Str:       It affects your strength (+4).
   rF:        It protects you from fire.
   rC:        It makes you vulnerable to cold.
 Y - the ring "Pileq" {Ice Str+4 Dex+3 Slay+2}
   (You found it on level 4 of the Shoals)

   [ring of ice]

   It enhances your ice magic.
   Str:       It affects your strength (+4).
   Dex:       It affects your dexterity (+3).
   Slay:      It affects your accuracy & damage with ranged weapons and melee
   (+2).
   rF:        It makes you vulnerable to fire.
   rC:        It protects you from cold.
 Z - the ring of Descent {rPois rC+ Int+5 Stlth-}
   (You found it in a treasure trove)

   [ring of protection from cold]

   Int:       It affects your intelligence (+5).
   rC:        It protects you from cold.
   rPois:     It protects you from poison.
   Stlth:     It makes you less stealthy.
Wands
 i - a wand of roots (35)
 w - a wand of flame (25)
 H - a wand of mindburst (9)
 R - a wand of digging (16)
Scrolls
 p - 2 scrolls of amnesia
 t - a scroll of magic mapping
 x - 6 scrolls of fear
 y - 6 scrolls of blinking
 A - 2 scrolls of silence
 C - 5 scrolls of fog
 E - 12 scrolls of teleportation
 G - 3 scrolls of poison
 I - a scroll of enchant armour
Potions
 b - 6 potions of lignification
 h - 8 potions of heal wounds
 j - 10 potions of curing
 k - 11 potions of haste
 n - 2 potions of resistance
 o - 3 potions of might
 u - 5 potions of brilliance
 D - a potion of mutation
 F - 8 potions of attraction
 M - 3 potions of cancellation
 N - 7 potions of ambrosia
 P - 4 potions of magic
 S - 3 potions of flight


   Skills:
 * Level 11.7 Fighting
 * Level 8.6(8.7) Short Blades
 + Level 1.2(5.0) Long Blades
 + Level 1.5 Throwing
 - Level 7.0 Armour
 * Level 13.2 Dodging
 + Level 4.2 Stealth
 + Level 3.3 Shields
 * Level 24.1 Spellcasting
 + Level 9.3 Conjurations
 + Level 10.6 Necromancy
 + Level 5.1 Translocations
 - Level 3.0 Transmutations
 + Level 7.6 Fire Magic
 + Level 6.2 Ice Magic
 * Level 10.9 Air Magic
 + Level 8.6 Earth Magic
 - Level 8.1 Poison Magic
 + Level 1.0 Invocations
 + Level 0.4 Evocations


You had 12 spell levels left.
You knew the following spells:

 Your Spells              Type           Power      Damage    Failure   Level
a - Magic Dart            Conj           100%       1d8       1%          1
b - Blink                 Tloc           100%       N/A       1%          2
c - Mephitic Cloud        Conj/Pois/Air  100%       N/A       1%          3
d - Vampiric Draining     Necr           100%       2d13      1%          3
f - Fireball              Conj/Fire      48%        3d19      1%          5
m - Maxwell's Capacitive  Air            53%        ∞         54%         8
n - Ignite Poison         Fire/Tmut/Pois 88%        N/A       1%          3
o - Orb of Destruction    Conj           50%        9d13      17%         7
p - Apportation           Tloc           100%       N/A       1%          1
r - Frozen Ramparts       Ice            100%       1d16      1%          3
v - Poisonous Vapours     Pois/Air       100%       N/A       1%          2
w - Wereblood             Tmut           74%        N/A       1%          2
x - Olgreb's Toxic Radia  Pois           96%        N/A       1%          4
y - Sticky Flame          Conj/Fire      97%        2d11      1%          4
z - Freezing Cloud        Conj/Ice/Air   49%        6-21      1%          5

Your spell library contained the following spells:

 Spells                   Type           Power      Damage    Failure   Level
 Chain Lightning          Conj/Air       51%        3d68      100%        9
 Fire Storm               Conj/Fire      48%        8d12      100%        9
 Polar Vortex             Ice            44%        N/A       100%        9
 Foxfire                  Conj/Fire      100%       2x1d9     1%          1
 Necrotise                Necr           100%       1d9       1%          1
 Sandblast                Erth           100%       2d20      1%          1
 Shock                    Conj/Air       100%       1d9       1%          1
 Sting                    Tmut/Pois      100%       1d8       1%          1
 Lesser Beckoning         Tloc           100%       N/A       1%          2
 Passwall                 Tmut/Erth      72%        N/A       1%          2
 Sublimation of Blood     Necr           100%       N/A       1%          2
 Gell's Gravitas          Tloc           84%        N/A       1%          3
 Hailstorm                Conj/Ice       95%        3d19      1%          3
 Inner Flame              Hex/Fire       78%        N/A       1%          3
 Spider Form              Tmut/Pois      86%        N/A       1%          3
 Stone Arrow              Conj/Erth      100%       3d13      1%          3
 Swiftness                Air            100%       N/A       1%          3
 Teleport Other           Tloc           84%        N/A       1%          3
 Vhi's Electric Charge    Tloc/Air       100%       N/A       1%          3
 Airstrike                Air            53%        2d(8-24)  1%          4
 Anguish                  Hex/Necr       42%        N/A       1%          4
 Ice Form                 Ice/Tmut       81%        N/A       1%          4
 Manifold Assault         Tloc           84%        N/A       1%          4
 Passage of Golubria      Tloc           84%        N/A       1%          4
 Agony                    Necr           100%       N/A       1%          5
 Arcjolt                  Conj/Air       51%        1d61      1%          5
 Summon Ice Beast         Ice/Summ       74%        N/A       2%          4
 Silence                  Hex/Air        42%        N/A       2%          5
 Conjure Ball Lightning   Conj/Air       51%        3x3d18    2%          6
 Plasma Beam              Fire/Air       50%        2x1d71    3%          6
 Starburst                Conj/Fire      48%        6d13      4%          6
 Cause Fear               Hex            28%        N/A       10%         4
 Yara's Violent Unravell  Hex/Tmut       32%        3d13      14%         5
 Dispersal                Tloc           42%        N/A       17%         6
 Summon Mana Viper        Hex/Summ       56%        N/A       26%         5
 Lehudib's Crystal Spear  Conj/Erth      49%        10d12     80%         8
 Ignition                 Fire           47%        3d13      92%         8
 Disjunction              Tloc           42%        N/A       99%         8
 Enfeeble                 Hex            28%        N/A       100%        7
 Summon Hydra             Summ           28%        N/A       100%        7


Dungeon Overview and Level Annotations

Branches:
Dungeon (13/15)            Temple (0/1) D:6            Lair (5/5) D:11
 Shoals (4/4) Lair:2       Spider (4/4) Lair:3        Slime (0/5) Lair:5
    Orc (2/2) D:10            Elf (1/3) Orc:2        Vaults (2/5) D:13
  Crypt (0/3) Vaults:2     Bailey (visited)

Altars:
Dithmenos
Fedhas
Hepliaklqana
Nemelex Xobeh
Okawaru
Qazlal
Ru
Trog
Uskayaw
Vehumet
Zin
The Shining One
Jiyva

Shops:
D:2 =   D:4 (   D:11 *   Orc:2 **[:   Shoals:2 (   Shoals:3 !   Vaults:1 [

Portals:
Pandemonium: Orc:2

Annotations:
D:10 earth elemental
Lair:5 1 runed translucent door


Message History

Confirm with . or Enter, or press ? or * to list all spells.
You can't see any susceptible monsters within range! (Use Z to cast anyway.)
Casting: Sticky Flame (safe; 1% risk of failure)
Confirm with . or Enter, or press ? or * to list all spells.
Aiming: Sticky Flame (safe; 1% risk of failure)
Press: ? - help, Shift-Dir - straight line You feel a surge of power!
The sticky flame hits something but does no damage.
The vampire knight is covered in liquid flames!
The vampire knight burns!
The vampire knight hits you but does no damage.
The vampire knight bites you but does no damage.
The vampire knight hits you with a +0 war axe!
* * * LOW HITPOINT WARNING * * *
The vampire knight misses you.
Casting: Sticky Flame (safe; 1% risk of failure)
Confirm with . or Enter, or press ? or * to list all spells.
You feel a surge of power!
You blink.
Found a glowing trident and 34 gold pieces.
Found a staircase to the Crypt.
The vampire knight burns!
Which direction?
You close the door, pushing everything out of the way.
Casting: Blink (safe; 1% risk of failure)
Confirm with . or Enter, or press ? or * to list all spells.
Aiming: Apportation (safe; 1% risk of failure)
Press: ? - help, Dir - move target Apport: 34 gold pieces You feel a surge of power!
Yoink!
You pull the items towards yourself.
Something hits you but does no damage. Something bites you.
Something draws strength from your injuries!
You hear some strange, mumbled words.
You suddenly lose the ability to move!
Something draws life force from you!
* * * LOW HITPOINT WARNING * * *
Something hits you but does no damage. Something bites you!
* * * LOW HITPOINT WARNING * * *
Something draws strength from your injuries!
Something hits you!!
You die...

...............
...............
...............
######'########
#......############
#......#...........
#....).#.##.....##
#...V..#.#.......#
#......+...@#
#......#...##
#.)....'.....>...
#......#...##.##.
#++#####....# #
#)#.... #.##....
#.. ..... .## #####


There were no monsters in sight!

Vanquished Creatures
  Mara (Spider:4)
  Rupert (Lair:4)
  2 krakens
  3 sphinxes (Shoals:4)
  Ilsuiw (Shoals:2)
  9 emperor scorpions
  A deep elf sorcerer (Elf:1)
  4 ghost moths
  3 orc warlords
  3 very ugly things (Vaults:1)
  3 ironbound preservers (Vaults:1)
  A broodmother (Spider:3)
  2 ironbound thunderhulks (Vaults:1)
  A deep elf demonologist (Elf:1)
  Azrael (Orc:2)
  A dire elephant (Vaults:1)
  2 deep elf annihilators (Elf:1)
  A minotaur (Shoals:4)
  2 spark wasps
  5 entropy weavers
  A deep elf death mage (Elf:1)
  4 merfolk impalers
  A great orb of eyes (Vaults:1)
  2 fire dragons (Shoals:2)
  A yaktaur captain (Vaults:1)
  3 merfolk javelineers
  A deep elf high priest (Elf:1)
  Harold (D:9)
  3 boulder beetles
  4 vault guards (D:13)
  2 ironbound frosthearts
  A demonspawn (Orc:2)
  4 merfolk aquamancers
  3 hydras
  3 radroaches
  16 satyrs
  3 centaur warriors
  A catoblepas (Lair:5)
  3 jorogumos
  An alligator snapping turtle (Shoals:3)
  4 dancing weapons (Elf:1)
  4 merfolk avatars
  4 two-headed ogres
  A vampire mage (Vaults:2)
  3 orc high priests (Orc:2)
  2 pharaoh ants
  A skeletal warrior (D:13)
  A sun moth (Spider:1)
  Lodul (D:11)
  12 sea snakes
  4 skysharks
  10 orb spiders
  A deep elf archer (Elf:1)
  Pikel (D:6)
  10 deep trolls (Vaults:1)
  3 ironbound convokers
  3 steelbarb worms
  2 lindwurms (Vaults:1)
  An oklob plant (Lair:5)
  A wizard (Vaults:2)
  7 deep elf zephyrmancers (Elf:1)
  7 ugly things
  9 deep elf pyromancers
  8 wolf spiders
  29 harpies
  11 orc knights
  9 cyclopes
  10 orc sorcerers
  9 elephants (Lair:5)
  3 moths of wrath
  Joseph (D:7)
  24 manticores
  24 fauns
  6 merfolk sirens
  2 black mambas
  7 water nymphs
  3 torpor snails
  A smoke demon (Orc:2)
  4 vault sentinels
  2 gargoyles
  3 demonic crawlers
  11 cane toads
  Psyche (D:11)
  An unseen horror (shapeshifter) (Elf:1)
  2 rime drakes
  16 komodo dragons
  An unseen horror (D:13)
  A freezing wraith (Vaults:2)
  6 yaktaurs (Vaults:1)
  3 kobold demonologists
  A tengu conjurer (D:13)
  27 merfolk
  A red devil (Orc:2)
  A polar bear (D:11)
  7 trolls
  5 hornets
  9 tarantellas
  3 wind drakes
  5 blink frogs (Lair:1)
  12 slime creatures
  11 jumping spiders
  4 centaur simulacra (D:11)
  8 snapping turtles
  An air elemental (Elf:1)
  A vampire (D:12)
  7 culicivoras
  5 water elementals
  2 wraiths
  12 spriggans (Lair:3)
  4 basilisks
  A chaos spawn (Orc:2)
  33 yaks
  3 fire elementals (Orc:2)
  2 steam dragons
  5 wyverns
  A vampire mosquito (D:13)
  29 redbacks
  Menkaure (D:7)
  3 wargs
  2 acid dragons
  6 ice beasts
  4 hell hounds (Orc:2)
  14 water moccasins
  A sky beast (D:6)
  43 orc warriors
  2 black bears
  17 ogres
  2 centaurs
  3 boggarts (Lair:3)
  12 wolves
  A phantom (D:7)
  2 lemures (D:6)
  Blork the orc (D:6)
  6 kobold brigands
  An earth elemental (Elf:1)
  4 gnoll sergeants
  10 bullfrogs
  3 scorpions
  10 wights
  21 killer bees
  2 howler monkeys (D:10)
  An electric eel (D:11)
  2 quasits
  3 gnoll boudas
  6 hounds
  A jelly (D:6)
  Crazy Yiuf (D:7)
  32 orc priests
  6 iguanas
  12 hell rats
  A sleepcap (D:5)
  14 orc wizards
  33 gnolls
  9 adders
  3 shadow imps
  9 white imps
  4 ufetubi
  A worm (D:4)
  3 dart slugs
  95 orcs
  4 endoplasms
  9 goblins
  7 hobgoblins
  A quokka (D:1)
  3 training dummies (Shoals:2)
  6 ball pythons
  4 bats
  4 frilled lizards
  24 kobolds
  A rat (D:2)
  A butterfly (Lair:4)
  A tentacle (Shoals:4)
1067 creatures vanquished.

Vanquished Creatures (collateral kills)
  A hornet (Lair:3)
1 creature vanquished.

Vanquished Creatures (others)
  A vampire (D:13)
  3 ball lightnings (Orc:2)
  7 tentacles
11 creatures vanquished.

Grand Total: 1079 creatures vanquished

Notes
Turn   | Place    | Note
-------+----------+-------------------------------------------
     0 | D:1      | Esekla the Deep Elf Wanderer began the quest for the Orb.
     0 | D:1      | Esekla set off with the following items: a +0 club, a
                  | potion of lignification, a +0 robe, a +0 buckler; and the
                  | following spells available to memorise: Apportation, Blink,
                  | Lesser Beckoning, Magic Dart, Ignite Poison, Vampiric
                  | Draining.
     0 | D:1      | Reached XP level 1. HP: 10/10 MP: 7/7
     2 | D:1      | Learned a level 1 spell: Magic Dart
     4 | D:1      | Learned a level 1 spell: Apportation
   259 | D:2      | Found Renulab's Jewellery Shop.
   547 | D:4      | Found a radiant altar of Vehumet.
   556 | D:4      | Found an iron altar of Okawaru.
   567 | D:4      | Found a glowing silver altar of Zin.
   647 | D:4      | Became a worshipper of Vehumet
   926 | D:3      | Reached XP level 2. HP: 15/15 MP: 2/9
   929 | D:3      | Learned a level 2 spell: Blink
  1091 | D:3      | Identified the +5 rapier of the Hero {heavy, rN+ Dex+3}
                  | (You found it on level 3 of the Dungeon)
  1183 | D:2      | Reached skill level 5 in Spellcasting
  1449 | D:2      | Reached skill level 1 in Conjurations
  1468 | D:2      | Reached skill level 1 in Dodging
  1524 | D:3      | Found a stormy altar of Qazlal.
  1537 | D:3      | Reached XP level 3. HP: 19/19 MP: 7/11
  1541 | D:3      | Learned a level 3 spell: Ignite Poison
  1545 | D:3      | Learned a level 3 spell: Vampiric Draining
  1570 | D:3      | Found a hazy altar of Hepliaklqana.
  1572 | D:3      | Found a bloodstained altar of Trog.
  1629 | D:3      | Reached skill level 1 in Necromancy
  1629 | D:3      | Reached XP level 4. HP: 24/24 MP: 8/13
  1795 | D:5      | Entered Level 5 of the Dungeon
  1798 | D:5      | Got the Parchment of the Lumpy Olives
  1826 | D:5      | Found a shadowy altar of Dithmenos.
  1931 | D:5      | Reached skill level 6 in Spellcasting
  2087 | D:4      | Reached XP level 5. HP: 27/28 MP: 13/15
  2112 | D:4      | Reached * piety under Vehumet
  2112 | D:4      | Offered knowledge of Kiss of Death by Vehumet.
  2146 | D:4      | Found a glowing golden altar of the Shining One.
  2392 | D:2      | Found a faded altar of an unknown god.
  2420 | D:2      | Reached skill level 1 in Short Blades
  2576 | D:1      | Reached XP level 6. HP: 32/32 MP: 14/17
  2606 | D:1      | Reached ** piety under Vehumet
  2606 | D:1      | Offered knowledge of Foxfire by Vehumet.
  2920 | D:4      | Found Ponaysk's Antique Weapon Boutique.
  3192 | D:4      | Reached skill level 7 in Spellcasting
  3478 | D:5      | Reached XP level 7. HP: 36/36 MP: 20/20
  3687 | D:5      | Offered knowledge of Poisonous Vapours by Vehumet.
  3688 | D:5      | Reached skill level 8 in Spellcasting
  3691 | D:5      | Learned a level 2 spell: Poisonous Vapours
  3957 | D:6      | Reached skill level 1 in Air Magic
  3957 | D:6      | Found a blossoming altar of Fedhas.
  4038 | D:6      | Reached *** piety under Vehumet
  4039 | D:6      | Reached skill level 1 in Poison Magic
  4058 | D:6      | Found a staircase to the Ecumenical Temple.
  4064 | D:6      | Reached XP level 8. HP: 41/41 MP: 16/22
  4083 | D:6      | Reached skill level 1 in Transmutations
  4083 | D:6      | Reached skill level 1 in Fire Magic
  4234 | D:6      | Noticed Blork the orc
  4257 | D:6      | Killed Blork the orc
  4527 | D:7      | Found a runed translucent door.
  4528 | D:7      | Noticed Crazy Yiuf
  4534 | D:7      | Killed Crazy Yiuf
  4535 | D:7      | Reached skill level 9 in Spellcasting
  4721 | D:7      | Noticed Menkaure
  4725 | D:7      | Killed Menkaure
  4779 | D:7      | Reached skill level 5 in Necromancy
  5028 | D:7      | Offered knowledge of Frozen Ramparts by Vehumet.
  5037 | D:7      | Learned a level 3 spell: Frozen Ramparts
  5123 | D:7      | Noticed Joseph
  5338 | D:6      | Noticed Pikel
  5343 | D:6      | Killed Pikel
  5344 | D:6      | Reached skill level 1 in Ice Magic
  5344 | D:6      | Reached XP level 9. HP: 45/45 MP: 15/24
  5585 | D:8      | Reached skill level 10 in Spellcasting
  5680 | D:8      | Reached **** piety under Vehumet
  5682 | D:8      | Offered knowledge of Mephitic Cloud by Vehumet.
  5691 | D:7      | Learned a level 3 spell: Mephitic Cloud
  5908 | D:8      | Noticed a two-headed ogre
  5916 | D:8      | Killed a two-headed ogre
  5917 | D:8      | Reached skill level 5 in Dodging
  6261 | D:8      | Found a hide-covered altar of Uskayaw.
  6284 | D:8      | Reached XP level 10. HP: 47/50 MP: 16/26
  6360 | D:8      | Found a transporter.
  6361 | D:8      | Found a transporter.
  6372 | D:8      | Found a transporter.
  6373 | D:8      | Found a transporter.
  6795 | D:9      | Found a flagged portal.
  6816 | Bailey   | Entered a bailey
  6837 | Bailey   | Reached skill level 11 in Spellcasting
  6871 | Bailey   | Reached ***** piety under Vehumet
  7013 | Bailey   | Identified the +2 bardiche of Puhoisos {heavy, rElec
                  | Stlth+}
  7017 | Bailey   | Noticed an orc knight
  7017 | Bailey   | Noticed an orc knight
  7026 | Bailey   | Killed an orc knight
  7027 | Bailey   | Reached skill level 5 in Poison Magic
  7028 | Bailey   | Killed an orc knight
  7134 | Bailey   | Reached skill level 12 in Spellcasting
  7134 | Bailey   | Offered knowledge of Spellforged Servitor by Vehumet.
  7473 | D:9      | Found a sparkling altar of Nemelex Xobeh.
  7487 | D:9      | Reached skill level 1 in Fighting
  7585 | D:9      | Noticed a two-headed ogre
  7590 | D:9      | Killed a two-headed ogre
  7656 | D:9      | Noticed Harold
  7696 | D:9      | Noticed a cyclops
  7701 | D:9      | Killed a cyclops
  7716 | D:9      | Noticed a cyclops
  7846 | D:9      | Reached XP level 11. HP: 57/57 MP: 29/29
  7944 | D:10     | Entered Level 10 of the Dungeon
  7981 | D:10     | Found a staircase to the Orcish Mines.
  7997 | Orc:1    | Entered Level 1 of the Orcish Mines
  8001 | Orc:1    | Reached skill level 13 in Spellcasting
  8004 | Orc:1    | Noticed an orc knight
  8014 | Orc:1    | Killed an orc knight
  8355 | D:2      | Bought the ring of the Mage {Wiz Archmagi} for 714 gold
                  | pieces
  8355 | D:2      | Found the ring of the Mage {Wiz Archmagi}
  8656 | D:11     | Noticed Lodul
  8824 | D:10     | Reached skill level 5 in Fire Magic
  8964 | D:10     | Found a sacrificial altar of Ru.
  8974 | D:10     | Offered knowledge of Fireball by Vehumet.
  8983 | D:10     | Learned a level 5 spell: Fireball
  9056 | D:11     | Reached skill level 5 in Conjurations
  9079 | D:11     | Reached skill level 1 in Armour
  9094 | D:11     | Reached skill level 1 in Earth Magic
  9547 | D:11     | Reached skill level 14 in Spellcasting
  9795 | D:11     | Found a staircase to the Lair.
  9872 | D:11     | Found Fagafuf's Pet Rocks.
  9961 | D:11     | Reached XP level 12. HP: 67/67 MP: 32/32
  9979 | D:11     | Got Simple Magic
  9996 | D:11     | Reached skill level 5 in Air Magic
 10012 | D:11     | Killed Lodul
 10068 | D:11     | Noticed a two-headed ogre
 10072 | D:11     | Killed a two-headed ogre
 10073 | D:11     | Reached skill level 5 in Fighting
 10078 | D:11     | Noticed Psyche
 10120 | D:11     | Killed Psyche
 10358 | D:12     | Learned a level 2 spell: Wereblood
 10623 | D:12     | Found a portal to a secret trove of treasure.
 10733 | D:12     | Learned a level 5 spell: Freezing Cloud
 10828 | Lair:1   | Entered Level 1 of the Lair of Beasts
 11439 | Lair:1   | Offered knowledge of Arcjolt by Vehumet.
 11614 | Lair:1   | Learned a level 5 spell: Arcjolt
 11663 | Lair:2   | Reached skill level 15 in Spellcasting
 12072 | Lair:2   | Found a transporter.
 12072 | Lair:2   | Found a transporter.
 12073 | Lair:2   | Noticed a boulder beetle
 12073 | Lair:2   | Noticed a boulder beetle
 12083 | Lair:2   | Killed a boulder beetle
 12086 | Lair:2   | Killed a boulder beetle
 12435 | Lair:2   | Reached XP level 13. HP: 74/74 MP: 34/34
 12450 | Lair:2   | Found a staircase to the Shoals.
 12596 | Lair:3   | Reached skill level 16 in Spellcasting
 12789 | Lair:3   | Identified the +3 leather armour of Okawaru's Inspiration
                  | {Str+4}
 13046 | Lair:3   | Found a hole to the Spider Nest.
 13633 | D:2      | Bought the ring of Greed {rElec rPois rN+ AC+4 Str-2} for
                  | 758 gold pieces
 14010 | D:7      | Killed Joseph
 14104 | D:9      | Killed Harold
 14496 | Lair:4   | Noticed Rupert
 14501 | Lair:4   | Paralysed by Rupert for 3 turns
 14508 | Lair:4   | Killed Rupert
 14543 | Lair:4   | Learned a level 4 spell: Sticky Flame
 14678 | Lair:4   | Reached ****** piety under Vehumet
 15328 | Lair:5   | Entered Level 5 of the Lair of Beasts
 15346 | Lair:5   | Reached skill level 17 in Spellcasting
 15376 | Lair:5   | Reached skill level 5 in Ice Magic
 15548 | Lair:5   | Reached XP level 14. HP: 82/82 MP: 30/37
 15578 | Lair:5   | Offered knowledge of Conjure Ball Lightning by Vehumet.
 15747 | Lair:5   | Found a viscous altar of Jiyva.
 15748 | Lair:5   | Found a staircase to the Slime Pits.
 15774 | Lair:5   | Found a runed translucent door.
 16021 | Lair:5   | Learned a level 6 spell: Conjure Ball Lightning
 16191 | Orc:2    | Entered Level 2 of the Orcish Mines
 16433 | Orc:2    | Found Roezostra's General Store.
 16434 | Orc:2    | Found Bamnuus's General Store.
 16745 | Orc:2    | Noticed an orc warlord
 16753 | Orc:2    | Killed an orc warlord
 16826 | Orc:2    | Offered knowledge of Yara's Violent Unravelling by Vehumet.
 16827 | Orc:2    | Reached skill level 5 in Short Blades
 16856 | Orc:2    | Found a staircase to the Elven Halls.
 16956 | Orc:2    | Reached skill level 18 in Spellcasting
 17057 | Orc:2    | Reached skill level 10 in Necromancy
 17057 | Orc:2    | Reached skill level 5 in Earth Magic
 17261 | Orc:2    | Noticed Azrael
 17268 | Orc:2    | Killed Azrael
 17376 | Orc:2    | Found Huzal's Antique Armour Boutique.
 17376 | Orc:2    | Found Jyohez's Book Shop.
 17377 | Orc:2    | Found a one-way gate leading to the halls of Pandemonium.
 17386 | Orc:2    | Bought a Young Poisoner's Handbook for 300 gold pieces
 17391 | Orc:2    | Learned a level 4 spell: Olgreb's Toxic Radiance
 17393 | Orc:2    | Bought a runed helmet for 270 gold pieces
 17475 | Orc:1    | Noticed an orc warlord
 17480 | Orc:1    | Killed an orc warlord
 17507 | Orc:1    | Offered knowledge of Orb of Destruction by Vehumet.
 17521 | Orc:1    | Learned a level 7 spell: Orb of Destruction
 17801 | Spider:1 | Entered Level 1 of the Spider Nest
 17839 | Spider:1 | Identified the +1 pair of boots of Piysunuo {Str+3}
 18151 | Spider:1 | You fall into a shaft and drop 1 floor!
 18332 | Spider:2 | Reached skill level 5 in Armour
 18352 | Spider:2 | Reached XP level 15. HP: 89/89 MP: 35/39
 18746 | Spider:1 | Reached skill level 19 in Spellcasting
 18750 | Spider:1 | Reached skill level 10 in Dodging
 19448 | Elf:1    | Entered Level 1 of the Elven Halls
 19522 | Elf:1    | Paralysed by an air elemental for 1 turns
 19707 | Elf:1    | Noticed a deep elf sorcerer
 19710 | Elf:1    | Killed a deep elf sorcerer
 19715 | Elf:1    | Offered knowledge of Maxwell's Capacitive Coupling by
                  | Vehumet.
 20377 | D:10     | Acquired 853 gold pieces
 20378 | D:10     | Acquired 660 gold pieces
 20379 | D:10     | Acquired 848 gold pieces
 20835 | Orc:2    | Bought a scroll of enchant armour for 112 gold pieces
 20847 | Orc:2    | Learned a level 8 spell: Maxwell's Capacitive Coupling
 21102 | D:2      | Bought a ring of see invisible for 210 gold pieces
 21417 | Spider:3 | Noticed an emperor scorpion
 21429 | Spider:3 | Killed an emperor scorpion
 21781 | Spider:3 | Noticed an emperor scorpion
 21795 | Spider:3 | Killed an emperor scorpion
 21924 | Spider:3 | Reached skill level 20 in Spellcasting
 22556 | Spider:4 | Entered Level 4 of the Spider Nest
 22576 | Spider:4 | Noticed Mara
 22580 | Spider:4 | Noticed Esekla's illusion
 22678 | Spider:4 | Noticed Esekla's illusion
 22679 | Spider:4 | Killed Mara
 22680 | Spider:4 | Reached XP level 16. HP: 96/96 MP: 23/42
 23888 | Spider:4 | Offered knowledge of Fire Storm by Vehumet.
 23888 | Spider:4 | Offered knowledge of Chain Lightning by Vehumet.
 23888 | Spider:4 | Offered knowledge of Polar Vortex by Vehumet.
 23983 | Spider:4 | Got a gossamer rune of Zot
 24360 | Shoals:1 | Entered Level 1 of the Shoals
 24367 | Shoals:1 | Reached skill level 10 in Fighting
 24367 | Shoals:1 | Reached skill level 21 in Spellcasting
 24603 | Shoals:1 | You fall into a shaft and drop 1 floor!
 25746 | Shoals:2 | Reached XP level 17. HP: 82/103 MP: 44/44
 26296 | Shoals:2 | Found Biskeott's Firing Range.
 26636 | Shoals:3 | Noticed Ilsuiw
 26643 | Shoals:3 | Reached skill level 10 in Air Magic
 26651 | Shoals:2 | Killed Ilsuiw
 26723 | Shoals:3 | Reached skill level 22 in Spellcasting
 26853 | Shoals:3 | Noticed a kraken
 26861 | Shoals:3 | Killed a kraken
 27159 | Shoals:3 | Found Zemonaik's Distillery.
 27174 | Shoals:3 | Bought a potion of heal wounds for 75 gold pieces
 27174 | Shoals:3 | Bought a potion of heal wounds for 75 gold pieces
 27174 | Shoals:3 | Bought 2 potions of heal wounds for 150 gold pieces
 27510 | Shoals:4 | Entered Level 4 of the Shoals
 27533 | Shoals:4 | Reached skill level 5 in Translocations
 27814 | Shoals:4 | Identified the +1 ring mail "Uronn" {rF+ Regen+ Int+3}
 27933 | Shoals:2 | Identified the +1 animal skin "Kougi" {rPois rF++ MP+9}
 28271 | Shoals:4 | Reached skill level 1 in Throwing
 28299 | Shoals:4 | Got Cuuv Rytt's Atlas of Hot Beguiling
 28299 | Shoals:4 | Got a barnacled rune of Zot
 28513 | Shoals:4 | Reached skill level 23 in Spellcasting
 28667 | Shoals:4 | Identified the ring "Pileq" {Ice Str+4 Dex+3 Slay+2}
 28747 | Shoals:4 | Noticed a kraken
 28752 | Shoals:4 | Killed a kraken
 28907 | Shoals:4 | Reached XP level 18. HP: 110/110 MP: 42/47
 29127 | Trove    | Entered a treasure trove
 29132 | Trove    | Found the +7 Spriggan's Knife {stab, EV+4 Stlth+}
 29140 | Trove    | Identified the ring of Akemeir {Fire Str+4}
 29150 | Trove    | Identified the ring of Descent {rPois rC+ Int+5 Stlth-}
 29154 | Trove    | Identified the +2 robe "Oraomedd" {Dex+3}
 29159 | Trove    | Identified the +3 ring mail "Poady" {+Inv rF+ Dex+2 Slay-4}
 29379 | D:13     | Found a gate to the Vaults.
 29448 | D:13     | Reached skill level 1 in Long Blades
 30109 | Vaults:1 | Entered Level 1 of the Vaults
 30640 | Vaults:1 | Found Emogyl Osee's Armour Boutique.
 30876 | Vaults:1 | Reached skill level 24 in Spellcasting
 31018 | Vaults:1 | Identified the +9 arbalest of Xom's Indignation {penet,
                  | Dex+4 Stlth+}
 31554 | Vaults:2 | Found a staircase to the Crypt.
 31559 | Vaults:2 | Paralysed by something for 3 turns
 31561 | Vaults:2 | Slain by a vampire knight

Illustrated notes

Levels and vault maps discovered:
D:1:      sevenhm_arrival_forest_fort_small_3, layout_rooms,
          chequers_serial_rivers_room_b, minmay_misc_feat_five
D:2:      layout_loops_ring, dreamdust_ecumenical_altar_angels_and_demons,
          serial_shops, shop
D:3:      layout_basic, grunt_temple_overflow_open, minmay_misc_feat_iff
D:4:      layout_basic, nicolae_overflow_quartered_altars, serial_shops,
          nicolae_diamond_shop
D:5:      layout_loops_ring, lemuel_doored_altar, minmay_misc_feat_rows,
          dreamdust_wishing_well
D:6:      layout_loops_cross, fedhas_altar_fruit_tree,
          minmay_temple_entry_glass, uniq_pikel, uniq_blork_the_orc
D:7:      layout_basic, uniq_menkaure, uniq_joseph, uniq_crazy_yiuf_cottage
D:8:      layout_basic, nicolae_uskayaw_dance_hall, serial_demonic,
          serial_demonic_d, serial_demonic_a, serial_demonic_c,
          serial_demonic_c, nicolae_diode_quadrants
D:9:      layout_irregular_city, kennysheep_little_box, enter_bailey_4,
          minmay_between, uniq_harold
D:10:     layout_basic, nicolae_ru_awakened_eye
D:11:     layout_rooms, hellmonk_lair_entry_icy, serial_ice, serial_ice_j,
          serial_ice_m, serial_ice_o, serial_ice_c, serial_ice_g, serial_ice_f,
          guppyfry_shop_earth, uniq_psyche, uniq_lodul
D:12:     layout_roguey, nicolae_trove_entry_crossroad
D:13:     layout_loops_ring, lightli_vaults_fourway_checkpoint
Lair:1:   layout_small_grid
Lair:2:   gammafunk_boulding_lane, layout_small_grid, elwin_shoals_entry_rooms
Lair:3:   kb_forest_paths, layout_chaotic_city, spider_nest_entry_rubble
Lair:4:   layout_hall_layers, grunt_megastairs_3, lemuel_fruit_fields,
          uniq_rupert
Lair:5:   guppyfry_lair_end_dragon, layout_misc_corridors, wormcave,
          dpeg_slime_entry_enclosed
Shoals:1: layout_shoals, nicolae_shoals_nautilus_by_nature
Shoals:2: argonaut_golden_fleece, layout_shoals, nicolae_shop_firing_range
Shoals:3: layout_shoals, serial_shops, shop, nicolae_shoals_lost_giant_hut,
          uniq_ilsuiw
Shoals:4: shoals_end_hellmonk_lost_city, serial_shops
Spider:1: layout_spider_delve, nicolae_spider_some_kinda_spiderbox
Spider:2: layout_spider_delve, nicolae_spider_twisty_arc_passages
Spider:3: layout_chambers, nicolae_orb_stairs
Spider:4: grunt_spider_rune_circles, guppyfry_hornet_nest, uniq_mara
Orc:1:    layout_caves
Orc:2:    pf_orc_diabolical, layout_diamond_mine, uniq_azrael
Elf:1:    minmay_elf_arrival_plus, layout_loops_cross,
          kennysheep_underground_church
Vaults:1: vaults_dpeg_emergency_exit, nicolae_vaults_ellipses_ellipsis,
          nicolae_vaults_variable_pillar_hall, v_misc_22, v_misc_33,
          nicolae_vaults_closet_pinwheel_3, v_alt_pattern_4, v_alt_pattern_4,
          nicolae_vaults_tetromino_Z_2, nicolae_vaults_taking_the_gang_shopping,
          nicolae_vaults_spaceships, v_misc_33, nicolae_vaults_shelves_hall,
          nicolae_vaults_trapezoid_lopsided_1, nicolae_vaults_little_ls,
          layout_vaults_ring
Vaults:2: ontoclasm_vaults_bender, nicolae_vaults_storage_closets_1, v_misc_9,
          vaults_room_pools, nicolae_vaults_more_shelving_2, v_misc_14,
          vaults_standard_mumra_lines, hangedman_vaults_stream,
          nicolae_vaults_windows_and_doors_thing,
          minmay_crypt_entry_simple_corners, nicolae_vaults_stand_back,
          vaults_dpeg_diagonal, nicolae_vaults_little_squares_5,
          layout_vaults_omnibox, serial_shops, bzr_entry_gold

Skill      XL: |  1  2  3  4  5  6  7  8  9 10 11 12 13 14 15 16 17 18 |
---------------+-------------------------------------------------------+-----
Spellcasting   | 5 6 7 8 9 10 12 14 15 17 18 20 21 23 24 | 24.1
Conjurations   | 1 2 4 5 7 8 9 |  9.3
Dodging        | 1 2 3 4 5 6 7 8 9 10 11 12 13 | 13.2
Necromancy     | 1 2 3 4 5 6 7 8 9 10 | 10.6
Short Blades   | 1 2 3 4 5 6 7 8 |  8.6
Translocations | 3 4 5 |  5.1
Stealth        | 2 3 4 |  4.2
Shields        | 2 3 |  3.3
Air Magic      | 1 2 3 4 6 7 8 9 10 | 10.9
Poison Magic   | 1 3 4 5 6 7 8 |  8.1
Transmutations | 2 3 |  3.0
Fire Magic     | 3 4 5 6 7 |  7.6
Ice Magic      | 1 3 4 5 6 |  6.2
Fighting       | 2 4 6 7 8 9 10 11 | 11.7
Armour         | 1 3 4 5 6 7 |  7.0
Earth Magic    | 1 3 4 5 6 7 8 |  8.6
Throwing       | 1 |  1.5
Long Blades    | 1 |  1.2
Invocations    | |  1.0
Evocations     | |  0.4

Action                     |  1- 3 |  4- 6 |  7- 9 | 10-12 | 13-15 | 16-18 || total
---------------------------+-------+-------+-------+-------+-------+-------++-------
  Melee: Short sword       |    33 |       |       |       |       |       ||    33
         Rapier            |       |    68 |    52 |    43 |    91 |     4 ||   258
         Dagger            |       |       |    31 |       |       |       ||    31
         Scimitar          |       |       |       |     2 |     2 |    51 ||    55
         Demon blade       |       |       |       |       |       |    57 ||    57
         Knife             |       |       |       |       |       |     3 ||     3
  Throw: Dart              |       |    17 |     5 |       |       |       ||    22
         Boomerang         |       |       |       |       |     6 |    17 ||    23
         Javelin           |       |       |       |       |       |     3 ||     3
   Cast: Apportation       |    25 |    38 |    19 |    57 |    67 |    44 ||   250
         Magic Dart        |    30 |    63 |    15 |    26 |    26 |     3 ||   163
         Blink             |     2 |     1 |     2 |     4 |    10 |     1 ||    20
         Vampiric Draining |       |    20 |    28 |    28 |    14 |    68 ||   158
         Poisonous Vapours |       |       |    82 |   178 |   265 |   215 ||   740
         Ignite Poison     |       |       |    33 |    96 |   169 |   168 ||   466
         Frozen Ramparts   |       |       |     5 |    25 |    32 |    45 ||   107
         Mephitic Cloud    |       |       |     5 |    18 |    17 |     9 ||    49
         Fireball          |       |       |       |    18 |     4 |    10 ||    32
         Wereblood         |       |       |       |     5 |    20 |    16 ||    41
         Freezing Cloud    |       |       |       |     4 |    23 |    18 ||    45
         Sticky Flame      |       |       |       |       |    15 |    56 ||    71
         Olgreb's Toxic Ra |       |       |       |       |    21 |    44 ||    65
         Conjure Ball Ligh |       |       |       |       |     1 |       ||     1
         Orb of Destructio |       |       |       |       |    17 |     7 ||    24
         Maxwell's Capacit |       |       |       |       |     2 |     1 ||     3
  Evoke: Wand              |     3 |       |     5 |       |       |       ||     8
    Use: Scroll            |     1 |       |    10 |     7 |    12 |     7 ||    37
         Potion            |       |       |       |     3 |     5 |     3 ||    11
   Stab: Sleeping          |       |     3 |     3 |     5 |     4 |     4 ||    19
         Confused          |       |       |     1 |       |     1 |       ||     2
         Petrified         |       |       |       |       |     3 |       ||     3
 Armour: Robe              |    21 |    17 |    35 |    37 |       |       ||   110
         Troll leather arm |       |       |       |     1 |    50 |   134 ||   185
         Ring mail         |       |       |       |       |       |    88 ||    88
  Dodge: Dodged            |    27 |    48 |    96 |    81 |   105 |   316 ||   673
         Repelled          |       |       |       |       |       |     3 ||     3
  Block: Buckler           |    11 |    15 |    34 |    28 |    24 |   172 ||   284
         Reflection        |       |       |       |       |       |    19 ||    19
